 Dungeon Crawl Stone Soup version 0.26.0-18-gc5c842f807 (webtiles) character file.

Game seed: 6885926798042911875

60 kaeus the Firebug (level 4, 0/24 HPs)
             Began as a Gargoyle Fire Elementalist on Jan 22, 2021.
             Slain by a gnoll
             ... wielding a +0 club
              (3 damage)
             ... on level 2 of the Dungeon.
             The game lasted 00:02:18 (2373 turns).

kaeus the Firebug (Gargoyle Fire Elementalist)      Turns: 2373, Time: 00:02:19

Health: 0/24       AC:  9    Str: 11    XL:     4   Next: 6%
Magic:  0/7        EV: 10    Int: 17    God:
Gold:   108        SH:  0    Dex: 10    Spells: 7/8 levels left

rFire    . . .     SeeInvis .   c - +0 club
rCold    . . .     Faith    .   (no shield)
rNeg     + . .     Spirit   .   f - +0 ring mail
rPois    ∞         Reflect  .   (no helmet)
rElec    +         Harm     .   k - +0 cloak
rCorr    .         Rampage  .   (no gloves)
Will     .....                  (no boots)
Stlth    +.........             (no amulet)
HPRegen  0.08/turn              (no ring)
MPRegen  0.10/turn              (no ring)

@: no status effects
A: negative energy resistance 1, electricity resistance, unbreathing,
petrification resistance, miasma immunity, AC +3
a: no special abilities


You were on level 2 of the Dungeon.
You visited 1 branch of the dungeon, and saw 2 of its levels.

You collected 108 gold pieces.

Inventory:

Hand Weapons
 c - a +0 club (weapon)
Armour
 f - a +0 ring mail (worn)
 k - a +0 cloak (worn)
Scrolls
 b - 2 scrolls of enchant weapon {unknown}
 d - 2 scrolls of fear {unknown}
 g - a scroll of identify {unknown}
 h - a scroll of teleportation {unknown}
Potions
 a - 2 potions of curing {unknown}
 e - a potion of haste {unknown}
 i - a potion of invisibility {unknown}
 j - a potion of might {unknown}


   Skills:
 - Level 1.5 Dodging
 - Level 2.1 Stealth
 + Level 2.5 Spellcasting
 + Level 2.1 Conjurations
 * Level 4.0 Fire Magic


You had 7 spell levels left.
You knew the following spells:

 Your Spells              Type           Power        Failure   Level
a - Foxfire               Conj/Fire      48%          12%         1

Your spell library contained the following spells:

 Spells                   Type           Power        Failure   Level
 Conjure Flame            Conj/Fire      12%          36%         3
 Inner Flame              Hex/Fire       9%           52%         3
 Sticky Flame             Conj/Fire      12%          77%         4
 Fireball                 Conj/Fire      6%           98%         5


Dungeon Overview and Level Annotations

Branches:
Dungeon (2/15)

Altars:
Elyvilon
Yredelemnul


Innate Abilities, Weirdness & Mutations

You are resistant to torment.
Your stone body is resilient. (AC +3)
You are immune to poison.
You resist negative energy. (rN+)
You are resistant to electric shocks. (rElec)
You can survive without breathing.
You are immune to petrification.
You are immune to miasma.


Message History

Casting: Foxfire (safe; 12% risk of failure)
Confirm with . or Enter, or press ? or * to list all spells.
Nothing appears to happen.
The foxfire hits the gnoll.
The gnoll is heavily wounded.
You now have 0/7 mp.
Casting: Foxfire (safe; 12% risk of failure)
Confirm with . or Enter, or press ? or * to list all spells.
You don't have enough magic to cast that spell.
Casting: Foxfire (safe; 12% risk of failure)
Confirm with . or Enter, or press ? or * to list all spells.
You don't have enough magic to cast that spell.
Casting: Foxfire (safe; 12% risk of failure)
Confirm with . or Enter, or press ? or * to list all spells.
You don't have enough magic to cast that spell.
You hit the gnoll.
The gnoll is severely wounded.
The gnoll hits you with a +0 club.
* * * LOW HITPOINT WARNING * * *
The gnoll hits you with a +0 club.
You die...

###.#
#♣♣♣....♣♣###...#
#.. ♣♣♣♣♣###.....#
...#######...#####
#.....gg...##
#.#.#.##.#.# #.
#.#.# g. #.#.# g..
#.#.# .... #.#@#
........g.#
#.#.........
#.###.##)# #. .#
#. .# # .# .#


You could see a gnoll.

Vanquished Creatures
  A gnoll (D:1)
  An adder (D:2)
  2 oozes (D:2)
  A leopard gecko (D:1)
  3 giant cockroaches (D:1)
  6 goblins (D:1)
  4 hobgoblins (D:1)
  2 ball pythons (D:1)
  6 bats
  2 frilled lizards (D:1)
  2 kobolds (D:1)
  5 rats
35 creatures vanquished.

Vanquished Creatures (others)
  89 foxfires
89 creatures vanquished.

Grand Total: 124 creatures vanquished

Notes
Turn   | Place    | Note
-------+----------+-------------------------------------------
     0 | D:1      | kaeus the Gargoyle Fire Elementalist began the quest for
                  | the Orb.
     0 | D:1      | Reached XP level 1. HP: 10/10 MP: 3/3
   538 | D:1      | Reached XP level 2. HP: 15/15 MP: 1/5
  1125 | D:1      | Reached XP level 3. HP: 19/19 MP: 1/6
  1611 | D:2      | Found a white marble altar of Elyvilon.
  1720 | D:2      | Found a basalt altar of Yredelemnul.
  2077 | D:1      | Reached skill level 4 in Fire Magic
  2077 | D:1      | Reached XP level 4. HP: 12/24 MP: 3/7
  2373 | D:2      | Slain by a gnoll

Illustrated notes

Levels and vault maps discovered:
D:1:      lightli_arrival_statue_moat, layout_loops_ring
D:2:      layout_loops_ring, kennysheep_ying_yang, minmay_misc_feat_ornament

Skill      XL: |  1  2  3 |
---------------+----------+-----
Conjurations   | 2 |  2.1
Fire Magic     | 4 |  4.0
Dodging        | |  1.5
Stealth        | |  2.1
Spellcasting   | |  2.5

Action                   |  1- 3 |  4- 6 || total
-------------------------+-------+-------++-------
Melee: Unarmed           |    18 |       ||    18
       Club              |    56 |     1 ||    57
 Cast: Foxfire           |    60 |    11 ||    71
Armor: Robe              |     9 |       ||     9
       Ring mail         |    27 |     7 ||    34
Dodge: Dodged            |    55 |     8 ||    63
